MID
BINGHAMTON METS @ HARTFORD YARD GOATS
07/15/2044
 
TOP OF THE 1ST
Binghamton Mets batting - Pitching for Hartford Yard Goats : RHP Sipi Kilpinen
Pitching: RHP Sipi Kilpinen
Batting: LHB Jose Chavez 0-0: Called Strike
0-1: Ball
1-1: Foul Ball, location: 2F
1-2: Strikes out swinging
Batting: RHB Jose Copado 0-0: Ball
1-0: Ball
2-0: Foul Ball, location: 2F
2-1: Foul Ball, location: 2F
2-2: Foul Ball, location: 2F
2-2: Fly out, F8 (Flyball, 8LM, EV 98.1 MPH)
Batting: SHB Alex Orozco 0-0: Swinging Strike
0-1: Foul Ball, location: 2F
0-2: Ball
1-2: Strikes out looking
Top of the 1st over - 0 runs, 0 hits, 0 errors, 0 left on base; Binghamton 0 - Hartford 0
BOTTOM OF THE 1ST
Hartford Yard Goats batting - Pitching for Binghamton Mets : RHP Austin Kuhn
Pitching: RHP Austin Kuhn
Batting: SHB Eddie Quinones 0-0: Foul Ball, location: 2F
0-1: Ball
1-1: Ball
2-1: Foul Ball, location: 2F
2-2: SINGLE (Groundball, 3D, EV 102.5 MPH)
Batting: SHB Bobby Santor 0-0: Ball
1-0: Called Strike
1-1: Called Strike
Eddie Quinones steals 2nd base (no throw)
1-2: SINGLE (Groundball, 56D, EV 100.0 MPH)
Eddie Quinones to third
Runner from 3rd tries for Home, throw by LF and OUT! 7-2
Bobby Santor to second
Batting: RHB Justin Williams 0-0: Called Strike
Bobby Santor steals 3rd base
0-1: Fly out, F8 (Flyball, 8RD, EV 83.1 MPH)
Runner from 3rd tags up, SCORES, throw by CF
Batting: LHB Jeremy Brammer 0-0: Ball
1-0: Called Strike
1-1: Ball
2-1: Ball
3-1: Base on Balls
Batting: RHB Kian-tat Chen 0-0: Called Strike
0-1: Called Strike
0-2: Ball
1-2: Fly out, F9 (Flyball, 89M, EV 97.5 MPH)
Bottom of the 1st over - 1 run, 2 hits, 0 errors, 1 left on base; Binghamton 0 - Hartford 1
TOP OF THE 2ND
Binghamton Mets batting - Pitching for Hartford Yard Goats : RHP Sipi Kilpinen
Batting: RHB Andy Solorzano 0-0: Ball
1-0: Ball
2-0: SOLO HOME RUN (Flyball, 78XD, EV 99.4 MPH), Distance : 411 ft
Batting: LHB Nate Trahan 0-0: Ball
1-0: Ball
2-0: Ball
3-0: Called Strike
3-1: Base on Balls
Batting: LHB Willie Cintron 0-0: Ball
1-0: Foul Ball, location: 2F
1-1: Ball
2-1: Ball
3-1: Swinging Strike
3-2: Base on Balls
Nate Trahan to second
Batting: RHB Matt Skipper 0-0: Called Strike
0-1: Ball
1-1: Ball
2-1: Swinging Strike
2-2: Foul Ball, location: 2F
2-2: Foul Ball, location: 2F
2-2: Foul Ball, location: 2F
2-2: DOUBLE (Flyball, 89D, EV 96.9 MPH)
Nate Trahan scores
Willie Cintron to third
Batting: LHB Joel Soto 0-0: TRIPLE (Flyball, 78XD, EV 104.4 MPH)
Willie Cintron scores
Matt Skipper scores
Batting: LHB Elmo Dreier 0-0: Ball
1-0: Ground out 6-3 (Groundball, 6M, EV 82.5 MPH)
Joel Soto scores
Batting: LHB Jose Chavez 0-0: Foul Ball, location: 2F
0-1: Ball
1-1: Swinging Strike
1-2: Ball
2-2: DOUBLE (Line Drive, 89XD, EV 104.4 MPH)
Batting: RHB Jose Copado 0-0: Called Strike
0-1: Swinging Strike
0-2: Strikes out swinging, 2-3 out at first.
Batting: SHB Alex Orozco 0-0: Ground out 4-3 (Groundball, 34, EV 99.4 MPH)
Top of the 2nd over - 5 runs, 4 hits, 0 errors, 1 left on base; Binghamton 5 - Hartford 1
BOTTOM OF THE 2ND
Hartford Yard Goats batting - Pitching for Binghamton Mets : RHP Austin Kuhn
Batting: SHB In-sung Lee 0-0: Swinging Strike
0-1: Foul Ball, location: 2F
0-2: Foul Ball, location: 2F
0-2: Ball
1-2: Foul Ball, location: 2F
1-2: Ground out 3-1 (Groundball, 34, EV 88.8 MPH)
Batting: RHB Eric Garrett 0-0: Foul Ball, location: 2F
0-1: Called Strike
0-2: Ball
1-2: Ball
2-2: Foul Ball, location: 2F
2-2: Strikes out swinging
Batting: RHB Steve Waltenbery 0-0: Called Strike
0-1: Foul Ball, location: 2F
0-2: Ball
1-2: Strikes out swinging
Bottom of the 2nd over - 0 runs, 0 hits, 0 errors, 0 left on base; Binghamton 5 - Hartford 1
TOP OF THE 3RD
Binghamton Mets batting - Pitching for Hartford Yard Goats : RHP Sipi Kilpinen
Batting: RHB Andy Solorzano 0-0: Called Strike
0-1: Ball
1-1: Ball
2-1: Ball
3-1: Foul Ball, location: 2F
3-2: Base on Balls
Batting: LHB Nate Trahan 0-0: Ball
1-0: Ball
2-0: Fielders Choice at 2nd, 1-6 (Groundball, 13S, EV 68.1 MPH)
Batting: LHB Willie Cintron 0-0: Ball
1-0: Swinging Strike
1-1: Called Strike
1-2: Ball
2-2: Ball
3-2: Base on Balls
Nate Trahan to second
Batting: RHB Matt Skipper 0-0: Ball
1-0: Foul Ball, location: 2F
1-1: Ball
2-1: Fielders Choice at 2nd, 1-6 (Groundball, 34S, EV 74.4 MPH)
Nate Trahan to third
Batting: LHB Joel Soto 0-0: Called Strike
0-1: Ball
1-1: Ball
2-1: Called Strike
2-2: Strikes out swinging
Top of the 3rd over - 0 runs, 0 hits, 0 errors, 2 left on base; Binghamton 5 - Hartford 1
BOTTOM OF THE 3RD
Hartford Yard Goats batting - Pitching for Binghamton Mets : RHP Austin Kuhn
Batting: RHB Randy Breitbart 0-0: SINGLE (Groundball, 15S, EV 66.3 MPH) (infield hit)
Batting: SHB Eddie Quinones 0-0: Fielders Choice at 2nd, 4-6 (Groundball, 4S, EV 85.6 MPH)
Batting: SHB Bobby Santor 0-0: Ball
1-0: Ball
Eddie Quinones steals 2nd base
2-0: Fly out, F9 (Flyball, 89XD, EV 104.4 MPH)
Runner from 2nd tags up, SAFE at 3rd, no throw by RF
Batting: RHB Justin Williams 0-0: Called Strike
0-1: Called Strike
0-2: Strikes out swinging
Bottom of the 3rd over - 0 runs, 1 hit, 0 errors, 1 left on base; Binghamton 5 - Hartford 1
TOP OF THE 4TH
Binghamton Mets batting - Pitching for Hartford Yard Goats : RHP Sipi Kilpinen
Batting: LHB Elmo Dreier 0-0: SINGLE (Groundball, 4S, EV 67.5 MPH) (infield hit)
Batting: LHB Jose Chavez 0-0: Called Strike
Elmo Dreier steals 2nd base (no throw)
0-1: Fly out, F7 (Flyball, 78M, EV 85.0 MPH)
Batting: RHB Jose Copado 0-0: Called Strike
0-1: Ball
1-1: SINGLE (Groundball, 4MD, EV 107.5 MPH)
Elmo Dreier to third
Runner from 3rd tries for Home, SAFE, throw by CF to home
Jose Copado to second
Pitching: LHP Su-wu Pi
Batting: SHB Alex Orozco 0-0: Called Strike
0-1: Foul Ball, location: 2F
0-2: Ball
1-2: Foul Ball, location: 2F
1-2: Fly out, F9 (Line Drive, 9, EV 93.1 MPH)
Batting: RHB Andy Solorzano 0-0: Called Strike
0-1: Foul Ball, location: 2F
0-2: Ball
1-2: Foul Ball, location: 2F
1-2: Foul Ball, location: 2F
1-2: Ball
2-2: Strikes out swinging
Top of the 4th over - 1 run, 2 hits, 0 errors, 1 left on base; Binghamton 6 - Hartford 1
BOTTOM OF THE 4TH
Hartford Yard Goats batting - Pitching for Binghamton Mets : RHP Austin Kuhn
Batting: LHB Jeremy Brammer 0-0: Foul Ball, location: 2F
0-1: Ball
1-1: Foul Ball, location: 2F
1-2: Ground out 5-3 (Groundball, 15, EV 83.1 MPH)
Batting: RHB Kian-tat Chen 0-0: Ball
1-0: Ball
2-0: Ball
3-0: Called Strike
3-1: Base on Balls
Batting: SHB In-sung Lee 0-0: Ball
Kian-tat Chen steals 2nd base
1-0: Foul Ball, location: 2F
1-1: Ball
2-1: Reached via error on a dropped throw from 1B, E1 (Groundball, 34, EV 109.4 MPH)
Kian-tat Chen to third
Batting: RHB Eric Garrett 0-0: Called Strike
In-sung Lee is caught stealing 2nd base 2-4
0-1: Ball
1-1: Ball
2-1: Ball
3-1: Foul Ball, location: 2F
3-2: Base on Balls
Batting: RHB Steve Waltenbery 0-0: Ground out 4-3 (Groundball, 4S, EV 90.0 MPH)
Bottom of the 4th over - 0 runs, 0 hits, 1 error, 2 left on base; Binghamton 6 - Hartford 1
TOP OF THE 5TH
Binghamton Mets batting - Pitching for Hartford Yard Goats : LHP Su-wu Pi
Batting: LHB Nate Trahan 0-0: Ball
1-0: Ball
2-0: SINGLE (Groundball, 4D, EV 107.5 MPH)
Batting: LHB Willie Cintron 0-0: Ball
1-0: Ball
2-0: Ball
3-0: Base on Balls
Nate Trahan to second
Batting: RHB Matt Skipper 0-0: Ground out 6-3 (Groundball, 6MS, EV 71.9 MPH)
Nate Trahan to third
Willie Cintron to second
Batting: LHB Joel Soto 0-0: Ball
1-0: Called Strike
1-1: Called Strike
1-2: Ball
2-2: Strikes out swinging
Batting: LHB Elmo Dreier 0-0: Foul Ball, location: 2F
0-1: Called Strike
0-2: Fly out, F3 (Flyball, 34D, EV 85.0 MPH)
Top of the 5th over - 0 runs, 1 hit, 0 errors, 2 left on base; Binghamton 6 - Hartford 1
BOTTOM OF THE 5TH
Hartford Yard Goats batting - Pitching for Binghamton Mets : RHP Austin Kuhn
Batting: RHB Randy Breitbart 0-0: Called Strike
0-1: Ball
1-1: Swinging Strike
1-2: Strikes out swinging
Batting: SHB Eddie Quinones 0-0: Ball
1-0: Ball
2-0: Called Strike
2-1: Ball
3-1: Foul Ball, location: 2F
3-2: Base on Balls
Batting: SHB Bobby Santor 0-0: Ball
1-0: Ball
Wild Pitch!
Eddie Quinones to second
2-0: Called Strike
2-1: Ball
3-1: 2-RUN HOME RUN (Flyball, 7D, EV 95.6 MPH), Distance : 377 ft
Batting: RHB Justin Williams 0-0: Ball
1-0: Called Strike
1-1: Ball
2-1: Ball
3-1: Called Strike
3-2: Base on Balls
Batting: LHB Jeremy Brammer 0-0: Foul Ball, location: 2F
0-1: Called Strike
0-2: Ball
1-2: Ball
2-2: Ball
Justin Williams steals 2nd base
3-2: Base on Balls
Batting: RHB Kian-tat Chen 0-0: Ball
1-0: Grounds into double play, 5-4-3 (Groundball, 56S, EV 81.3 MPH)
Bottom of the 5th over - 2 runs, 1 hit, 0 errors, 1 left on base; Binghamton 6 - Hartford 3
TOP OF THE 6TH
Binghamton Mets batting - Pitching for Hartford Yard Goats : LHP Su-wu Pi
Pitching: RHP Tony Barragan
Batting: LHB Jose Chavez 0-0: Ground out U3 (Groundball, 34S, EV 85.0 MPH)
Batting: RHB Jose Copado 0-0: Foul Ball, location: 2F
0-1: Ball
1-1: Ground out 6-3 (Groundball, 6, EV 85.6 MPH)
Batting: SHB Alex Orozco 0-0: Ground out U3 (Groundball, 34S, EV 76.3 MPH)
Top of the 6th over - 0 runs, 0 hits, 0 errors, 0 left on base; Binghamton 6 - Hartford 3
BOTTOM OF THE 6TH
Hartford Yard Goats batting - Pitching for Binghamton Mets : RHP Austin Kuhn
Batting: SHB In-sung Lee 0-0: Ball
1-0: Ground out 6-3 (Groundball, 56D, EV 96.9 MPH)
Batting: RHB Eric Garrett 0-0: Ball
1-0: Foul Ball, location: 2F
1-1: Ball
2-1: Swinging Strike
2-2: Fly out, F5 (Line Drive, 5, EV 73.8 MPH)
Batting: RHB Steve Waltenbery 0-0: Foul Ball, location: 2F
0-1: Foul Ball, location: 2F
0-2: Foul Ball, location: 2F
0-2: Foul Ball, location: 2F
0-2: Ball
1-2: Ball
2-2: Ball
3-2: Base on Balls
Pitching: RHP Francis Cornick
Batting: RHB Randy Breitbart 0-0: Called Strike
0-1: 2-RUN HOME RUN (Line Drive, 7D, EV 95.6 MPH), Distance : 378 ft
Batting: SHB Eddie Quinones 0-0: Ball
1-0: Ball
2-0: Foul Ball, location: 2F
2-1: Ball
3-1: Foul Ball, location: 2F
3-2: Ground out 4-3 (Groundball, 4, EV 85.6 MPH)
Bottom of the 6th over - 2 runs, 1 hit, 0 errors, 0 left on base; Binghamton 6 - Hartford 5
TOP OF THE 7TH
Binghamton Mets batting - Pitching for Hartford Yard Goats : RHP Tony Barragan
Pitching: RHP Travis Porter
Batting: RHB Andy Solorzano 0-0: Ball
1-0: Ground out 3-1 (Groundball, 34, EV 108.8 MPH)
Batting: LHB Nate Trahan 0-0: Ball
1-0: Swinging Strike
1-1: Ball
2-1: Ball
3-1: Base on Balls
Batting: LHB Willie Cintron 0-0: Swinging Strike
0-1: Foul Ball, location: 2F
0-2: Foul Ball, location: 2F
0-2: Strikes out looking
Batting: RHB Matt Skipper 0-0: Ball
1-0: SINGLE (Line Drive, 89M, EV 94.4 MPH)
Nate Trahan to second
Runner from 2nd tries for 3rd, SAFE, throw by RF made at trailing runner, OUT! 9-6
Top of the 7th over - 0 runs, 1 hit, 0 errors, 1 left on base; Binghamton 6 - Hartford 5
BOTTOM OF THE 7TH
Hartford Yard Goats batting - Pitching for Binghamton Mets : RHP Francis Cornick
Pitching: RHP Rob Fennell
Batting: SHB Bobby Santor 0-0: Called Strike
0-1: Ball
1-1: Ball
2-1: Ball
3-1: Base on Balls
Batting: RHB Justin Williams 0-0: Ball
1-0: Ball
2-0: Called Strike
2-1: Called Strike
2-2: Grounds into double play, 5-4-3 (Groundball, 56, EV 100.0 MPH)
Batting: LHB Jeremy Brammer 0-0: Ball
1-0: SOLO HOME RUN (Flyball, 89XD, EV 106.3 MPH), Distance : 406 ft
Batting: RHB Kian-tat Chen 0-0: Ball
1-0: Called Strike
1-1: Called Strike
1-2: Ball
2-2: Reached on error, E4 (Groundball, 4M, EV 95.0 MPH)
Batting: SHB In-sung Lee 0-0: Ball
1-0: Foul Ball, location: 2F
1-1: Ball
2-1: Ground out 4-3 (Groundball, 4, EV 78.1 MPH)
Bottom of the 7th over - 1 run, 1 hit, 1 error, 1 left on base; Binghamton 6 - Hartford 6
TOP OF THE 8TH
Binghamton Mets batting - Pitching for Hartford Yard Goats : RHP Travis Porter
Pitching: LHP Ryan Morlan
Pinch Hitting: RHB Jake Hansford 0-0: Called Strike
0-1: Ball
1-1: SINGLE (Line Drive, 6MD, EV 106.9 MPH)
Batting: LHB Elmo Dreier 0-0: Ball
1-0: Sac Bunt to 2R - play at first, batter safe!
Jake Hansford to second
Pinch Hitting: RHB Joe Kooyers 0-0: Ball
1-0: 3-RUN HOME RUN (Flyball, 89XD, EV 112.5 MPH), Distance : 423 ft
Batting: RHB Jose Copado 0-0: Called Strike
0-1: SOLO HOME RUN (Flyball, 7LD, EV 93.8 MPH), Distance : 359 ft
Batting: SHB Alex Orozco 0-0: Called Strike
0-1: Ball
1-1: Ball
2-1: Swinging Strike
2-2: Foul Ball, location: 2F
2-2: Ground out 6-3 (Groundball, 6, EV 105.0 MPH)
Pitching: RHP Nate Dallman
Batting: RHB Andy Solorzano 0-0: Foul Ball, location: 2F
0-1: Ball
1-1: Called Strike
1-2: Ground out 3-1 (Groundball, 34, EV 103.1 MPH)
Batting: LHB Nate Trahan 0-0: Called Strike
0-1: Ball
1-1: Called Strike
1-2: Strikes out looking
Top of the 8th over - 4 runs, 4 hits, 0 errors, 0 left on base; Binghamton 10 - Hartford 6
BOTTOM OF THE 8TH
Hartford Yard Goats batting - Pitching for Binghamton Mets : RHP Rob Fennell
Pitching: LHP Jonathan Gendron
Now in CF: Ivan Gonzales
Now in RF: Jake Hansford
Batting: RHB Eric Garrett 0-0: Ball
1-0: Foul Ball, location: 2F
1-1: SOLO HOME RUN (Flyball, 7D, EV 95.6 MPH), Distance : 388 ft
Batting: RHB Steve Waltenbery 0-0: Foul Ball, location: 2F
0-1: Foul Ball, location: 2F
0-2: Ball
1-2: Ball
2-2: Strikes out swinging
Batting: RHB Randy Breitbart 0-0: Ball
1-0: DOUBLE (Line Drive, 89D, EV 106.9 MPH) - OUT at third base trying to stretch hit.
Batting: SHB Eddie Quinones 0-0: DOUBLE (Line Drive, 89XD, EV 98.8 MPH)
Batting: SHB Bobby Santor 0-0: DOUBLE (Line Drive, 9LS, EV 101.3 MPH)
Eddie Quinones scores
Batting: RHB Justin Williams 0-0: Called Strike
0-1: Called Strike
0-2: Ball
1-2: Ball
2-2: Ball
3-2: Base on Balls
Batting: LHB Jeremy Brammer 0-0: Ball
1-0: SINGLE (Groundball, 56S, EV 74.4 MPH) (infield hit)
Bobby Santor to third
Justin Williams to second
Batting: RHB Kian-tat Chen 0-0: Ball
1-0: Fielders Choice at 2nd, 6-4 (Groundball, 6, EV 88.1 MPH)
Bottom of the 8th over - 2 runs, 5 hits, 0 errors, 3 left on base; Binghamton 10 - Hartford 8
TOP OF THE 9TH
Binghamton Mets batting - Pitching for Hartford Yard Goats : RHP Nate Dallman
Batting: LHB Willie Cintron 0-0: Ball
1-0: Ball
2-0: Foul Ball, location: 2F
2-1: Called Strike
2-2: Ball
3-2: Foul Ball, location: 2F
3-2: Fly out, F7 (Flyball, 7, EV 85.0 MPH)
Batting: RHB Matt Skipper 0-0: Called Strike
0-1: Reached on error, E3 (Groundball, 13, EV 78.1 MPH)
Batting: RHB Jake Hansford 0-0: Foul Ball, location: 2F
0-1: Foul Ball, location: 2F
0-2: Ball
1-2: Ball
2-2: DOUBLE (Line Drive, 9LM, EV 99.4 MPH)
Matt Skipper scores
Batting: LHB Elmo Dreier 0-0: Called Strike
0-1: Foul Ball, location: 2F
0-2: Ball
Wild Pitch!
Jake Hansford to third
1-2: Ground out 5-3 (Groundball, 56, EV 108.8 MPH)
Jake Hansford scores
Pitching: RHP Joe Goodale
Batting: RHB Ivan Gonzales 0-0: Called Strike
0-1: Ground out U3 (Groundball, 23, EV 81.9 MPH)
Top of the 9th over - 2 runs, 1 hit, 1 error, 0 left on base; Binghamton 12 - Hartford 8
BOTTOM OF THE 9TH
Hartford Yard Goats batting - Pitching for Binghamton Mets : LHP Jonathan Gendron
Batting: SHB In-sung Lee 0-0: Ball
1-0: Called Strike
1-1: Swinging Strike
1-2: Ball
2-2: Fly out, F9 (Flyball, 9D, EV 100.6 MPH)
Batting: RHB Eric Garrett 0-0: Fly out, F4 (Popup, 4, EV 61.9 MPH)
Batting: RHB Steve Waltenbery 0-0: Ball
1-0: Called Strike
1-1: Swinging Strike
1-2: Foul Ball, location: 2F
1-2: Fly out, F9 (Flyball, 9LM, EV 105.6 MPH)
Bottom of the 9th over - 0 runs, 0 hits, 0 errors, 0 left on base; Binghamton 12 - Hartford 8
Thursday, March 31st , 2022 - OOTP Baseball 22.12 Build 89